 Dungeon Crawl Stone Soup version 0.29-a0-100-g60f898f876 (webtiles) character file.

Game seed: 2263710873154017561

2450 TheGamechu the Grappler (level 9, -1/84 HPs)
             Began as a Troll Fighter on Feb 14, 2022.
             Was a Follower of Makhleb.
             Slain by an ogre (22 damage)
             ... on level 7 of the Dungeon.
             The game lasted 00:18:38 (4986 turns).

TheGamechu the Grappler (Troll Fighter)             Turns: 4986, Time: 00:18:38

Health: -1/84      AC:  5    Str: 26    XL:     9   Next: 25%
Magic:  9/9        EV:  9    Int:  4    God:    Makhleb [*.....]
Gold:   366        SH: 14    Dex: 13    Spells: 8/8 levels left

rFire   + . .      SeeInvis .     - Unarmed
rCold   . . .      Faith    .   b - +0 kite shield
rNeg    . . .      Spirit   .   a - +0 robe
rPois   +          Reflect  +   (helmet restricted)
rElec   .          Harm     .   s - +0 cloak
rCorr   .          Rampage  .   (gloves unavailable)
Will    .....                   (boots unavailable)
Stlth   +.........              r - amulet of reflection
HPRegen 1.04/turn               n - ring of protection from fire
MPRegen 0.11/turn               q - ring of poison resistance

@: no status effects
A: large, unfitting armour, claws 3, regeneration 1, shaggy fur 1, tough skin 1
a: Renounce Religion


You were on level 7 of the Dungeon.
You worshipped Makhleb.
Makhleb was aware of your devotion.
You visited 2 branches of the dungeon, and saw 8 of its levels.

You collected 366 gold pieces.

Inventory:

Hand Weapons
 k - a +2 flail of venom
Missiles
 e - 87 stones (quivered)
 j - 8 boomerangs
 m - 2 poisoned darts
 t - 3 throwing nets
Armour
 a - a +0 robe (worn)
 b - a +0 kite shield (worn)
 s - a +0 cloak (worn)
Jewellery
 n - a ring of protection from fire (left claw)
 q - a ring of poison resistance (right claw)
 r - an amulet of reflection (around neck)
 D - a ring of fire
Wands
 i - a wand of flame (26)
Scrolls
 f - 3 scrolls of magic mapping
 h - a scroll of teleportation
 l - 6 scrolls of identify
 u - a scroll of enchant armour {unknown}
 w - a scroll of summoning {unknown}
 x - 2 scrolls of fog
 A - a scroll of blinking {unknown}
 E - a scroll of fear {unknown}
Potions
 c - 2 potions of might
 d - 9 potions of curing
 g - 3 potions of berserk rage
 o - a potion of heal wounds
 p - 2 potions of cancellation
 v - a potion of magic {unknown}
 z - a potion of degeneration {unknown}
 B - 2 potions of attraction {unknown}
 C - a potion of haste {unknown}
 F - a potion of flight {unknown}
Miscellaneous
 y - a piece from Xom's chessboard (15/15)


   Skills:
 + Level 3.9 Fighting
 + Level 3.0 Throwing
 - Level 2.4 Dodging
 - Level 6.0 Shields
 + Level 9.3 Unarmed Combat
 + Level 1.4 Invocations


You had 8 spell levels left.
You didn't know any spells.
Your spell library contained the following spells:

 Spells                   Type           Power      Damage    Failure   Level
 Apportation              Tloc           0%         N/A       77%         1
 Static Discharge         Conj/Air       0%         N/A       88%         2
 Conjure Flame            Conj/Fire      0%         6-21      98%         3
 Ignite Poison            Fire/Tmut/Pois 0%         N/A       98%         3
 Lesser Beckoning         Tloc           0%         N/A       98%         3
 Ozocubu's Armour         Ice            0%         N/A       98%         3
 Tukima's Dance           Hex            0%         N/A       98%         3
 Anguish                  Hex/Necr       0%         N/A       100%        4
 Dispel Undead            Necr           0%         3d6       100%        4
 Olgreb's Toxic Radiance  Pois           0%         N/A       100%        4
 Sticky Flame             Conj/Fire      0%         2d3       100%        4
 Metabolic Englaciation   Hex/Ice        0%         N/A       100%        5
 Simulacrum               Ice/Necr       0%         N/A       100%        6
 Enfeeble                 Hex            0%         N/A       100%        7
 Ozocubu's Refrigeration  Ice            0%         4d5       100%        7
 Ignition                 Fire           0%         3d3       100%        8


Dungeon Overview and Level Annotations

Branches:
Dungeon (7/15)             Temple (1/1) D:7

Altars:
Ashenzari
Cheibriados
Dithmenos
Elyvilon
Hepliaklqana
Makhleb
Nemelex Xobeh
Ru
Sif Muna
Trog
Uskayaw
Vehumet
Wu Jian
Xom
Zin
The Shining One
Lugonu

Shops:
D:1 !!(?(   D:3 (


Innate Abilities, Weirdness & Mutations

You are too large for most types of armour.
You have claws for hands.
Your natural rate of healing is unusually fast.
You are covered in fur. (AC +1)
You have tough skin. (AC +1)


Message History

* * * LOW HITPOINT WARNING * * *
Menkaure whispers, "It doesn't hurt if you pull your brain out of your nose yourself."
Throw: 89 stones
Press: ? - help, Q - select action, (/) - cycle Shift-Dir - straight line, f - Menkaure
Aim: Menkaure (fast, 74% to hit)
You throw a stone. The stone hits Menkaure.
Menkaure is lightly damaged.
You claw Menkaure!
Menkaure is heavily damaged.
Menkaure closely misses you.
You barely miss Menkaure.
Menkaure is heavily damaged.
Menkaure closely misses you.
You scratch Menkaure.
Menkaure is almost destroyed.
Menkaure hits you!
* * * LOW HITPOINT WARNING * * *
You mangle Menkaure!!
You destroy Menkaure!
Makhleb accepts your kill.
You feel better.
Your Throwing skill increases to level 3!
Things that are here:
a +0 ring mail; a +0 flail; an orc corpse
Items here: )) [ ††.
Things that are here:
a +0 ring mail; a +0 trident
There is a broken door here.
There is a staircase to the Ecumenical Temple here.
There is an open door here.
Throw: 88 stones
Press: ? - help, Q - select action, (/) - cycle Shift-Dir - straight line, f - ogre
Aim: an ogre, wielding a +0 giant club (severely wounded, 74% to hit)
You throw a stone.
The stone hits the ogre but does no damage.
The ogre is severely wounded.
You barely miss the ogre.
The ogre is severely wounded.
The ogre hits you with a +0 giant club!!
You die...

.# #..# #.########....# .. #..#
#.# #.#..# ##. #..# #.# #.#### #
#.##[.#####.# #.# ### #.
#........##.# #.# #.###.
##..........# ###.### #..#.
##........####### ###†### #.#.#
................####⌠.⌠####.#.###
#........#####.@O('.>.'[)[...(.>
#.......# ######⌠.⌠####..####
#.......# ####### #..# #.###.###
###.### #..# #....)# #.# #...
####..# #.# #.### #..# #.# #.# ##
#..# #.# ... .# #..#######


You could see an ogre.

Vanquished Creatures
  Sigmund (D:4)
  Eustachio (D:4)
  3 yaks
  Menkaure (D:7)
  Edmund (D:4)
  A black bear (D:7)
  A necrophage (D:6)
  A centaur (D:7)
  A bullfrog (D:7)
  Blork the orc (D:5)
  3 scorpions
  A centaur zombie (D:5)
  A crimson imp (D:4)
  3 hounds (D:5)
  A bullfrog skeleton (D:6)
  5 orc priests
  Crazy Yiuf (D:3)
  A gnoll shaman (D:6)
  6 iguanas
  An orc wizard (D:2)
  A hound skeleton (D:5)
  Robin (D:4)
  A howler monkey skeleton (D:6)
  15 gnolls
  4 adders
  2 ufetubi (D:4)
  6 worms
  2 dart slugs
  12 orcs
  7 bats
  5 endoplasms
  4 giant cockroaches
  15 goblins
  8 hobgoblins
  6 jackals (D:1)
  10 kobolds
  2 quokkas
  12 ball pythons
  5 rats
153 creatures vanquished.

Vanquished Creatures (others)
  A hobgoblin (D:4)
1 creature vanquished.

Grand Total: 154 creatures vanquished

Notes
Turn   | Place    | Note
-------+----------+-------------------------------------------
     0 | D:1      | TheGamechu the Troll Fighter began the quest for the Orb.
     0 | D:1      | Reached XP level 1. HP: 22/22 MP: 0/0
    99 | D:1      | Found Citacic's Distillery.
   248 | D:1      | Reached XP level 2. HP: 27/29 MP: 1/1
   253 | D:1      | Found Quawabb's Distillery.
   326 | D:1      | Reached skill level 3 in Unarmed Combat
   335 | D:1      | Found Ytefen's Antique Weapon Shop.
   352 | D:1      | Found Baedgh's Magic Scroll Boutique.
   439 | D:1      | Found Kytiom's Antique Weapon Boutique.
   676 | D:1      | Reached XP level 3. HP: 36/36 MP: 2/2
   969 | D:2      | Reached XP level 4. HP: 38/44 MP: 3/3
  1543 | D:2      | Reached skill level 4 in Unarmed Combat
  1698 | D:3      | Found Mazeoloi's Antique Weapon Shoppe.
  1752 | D:3      | Found a runed translucent door.
  1753 | D:3      | Noticed Crazy Yiuf
  2170 | D:3      | Killed Crazy Yiuf
  2171 | D:3      | Reached XP level 5. HP: 12/50 MP: 4/4
  2250 | D:4      | Noticed Eustachio
  2276 | D:4      | Killed Eustachio
  2277 | D:4      | Reached skill level 5 in Unarmed Combat
  2277 | D:4      | Reached XP level 6. HP: 57/59 MP: 5/5
  2342 | D:4      | Noticed a yak
  2351 | D:4      | Noticed a yak
  2353 | D:4      | Noticed a yak
  2392 | D:3      | Killed a yak
  2393 | D:3      | Reached skill level 6 in Unarmed Combat
  2433 | D:4      | Reached XP level 7. HP: 66/66 MP: 6/6
  2507 | D:4      | Noticed Edmund
  2515 | D:4      | Killed Edmund
  2516 | D:4      | Reached skill level 7 in Unarmed Combat
  2532 | D:4      | Noticed Sigmund
  2538 | D:4      | Killed Sigmund
  2597 | D:4      | Noticed Robin
  2625 | D:4      | Killed Robin
  2726 | D:4      | Found a shimmering altar of Xom.
  2727 | D:4      | Found a burning altar of Makhleb.
  2748 | D:4      | Found a shadowy altar of Dithmenos.
  2802 | D:4      | Became a worshipper of Makhleb the Destroyer
  2847 | D:4      | Reached skill level 5 in Shields
  3078 | D:4      | Killed a yak
  3079 | D:4      | Reached skill level 8 in Unarmed Combat
  3079 | D:4      | Reached XP level 8. HP: 69/74 MP: 7/7
  3117 | D:5      | Entered Level 5 of the Dungeon
  3301 | D:5      | Found a snail-covered altar of Cheibriados.
  3372 | D:5      | Got the Grimoire of the Traveller
  3404 | D:5      | Reached skill level 1 in Throwing
  3708 | D:5      | Noticed Blork the orc
  3716 | D:5      | Killed Blork the orc
  3790 | D:5      | Found a sparkling altar of Nemelex Xobeh.
  3790 | D:5      | Found a glowing silver altar of Zin.
  3831 | D:5      | Found an ornate altar of the Wu Jian Council.
  3895 | D:5      | Reached * piety under Makhleb
  4034 | D:6      | Noticed a +0 falchion
  4035 | D:6      | Noticed a +0 dagger
  4035 | D:6      | Noticed a +0 short sword
  4051 | D:6      | Noticed a +0 spear
  4056 | D:6      | Found a hide-covered altar of Uskayaw.
  4056 | D:6      | Noticed a +0 falchion
  4058 | D:6      | Noticed a +0 dagger
  4210 | D:6      | Reached skill level 9 in Unarmed Combat
  4234 | D:6      | Found a hazy altar of Hepliaklqana.
  4372 | D:6      | Noticed a +0 short sword
  4373 | D:6      | Noticed a +0 spear
  4393 | D:6      | Reached XP level 9. HP: 66/83 MP: 8/8
  4869 | D:7      | Found a staircase to the Ecumenical Temple.
  4872 | D:7      | Reached skill level 1 in Invocations
  4897 | Temple   | Entered the Ecumenical Temple
  4956 | D:7      | Noticed Menkaure
  4971 | D:7      | HP: 3/84 [Menkaure (16)]
  4972 | D:7      | Killed Menkaure
  4986 | D:7      | Slain by an ogre

Illustrated notes

Levels and vault maps discovered:
D:1:      dpeg_arrival_houses_and_road, layout_loops_cross, serial_shops,
          nicolae_square_shop, shop_fountains, shop, nicolae_shop_trees,
          shop_coins
D:2:      layout_loops_ring, minivault_5, corexii_item_surrounded_by_moat
D:3:      layout_rooms, serial_shops, shop, chequers_mini_garden,
          minmay_misc_feat_roman, uniq_crazy_yiuf_cottage
D:4:      layout_cave_pools, grunt_temple_overflow_champion_of_chaos,
          mainiacjoe_overflow_small_starburst, sigmund_edmund_badplayer,
          uniq_robin, uniq_eustachio
D:5:      layout_loops_ring, kennysheep_slug_shrine,
          gammafunk_temple_overflow_wave, nzn_wu_jian_council_hall,
          uniq_blork_the_orc
D:6:      layout_basic, nicolae_uskayaw_en_pointe, mainiacjoe_overflow_brackets,
          hellmonk_bongcloud_opening, minmay_misc_feat_iff
D:7:      layout_loops_ring, lemuel_crystal_altar, temple_doors_e, uniq_menkaure
Temple:   corrupted_temple

Skill      XL: |  1  2  3  4  5  6  7  8  9 |
---------------+----------------------------+-----
Unarmed Combat | 3 4 5 6 8 9 |  9.3
Shields        | 3 4 5 6 |  6.0
Throwing       | 2 3 |  3.0
Fighting       | 3 |  3.9
Invocations    | 1 |  1.4
Dodging        | |  2.4

Action                   |  1- 3 |  4- 6 |  7- 9 || total
-------------------------+-------+-------+-------++-------
Melee: Unarmed           |    84 |   136 |   244 ||   464
Throw: Boomerang         |       |     9 |     3 ||    12
       Stone             |       |       |    11 ||    11
  Use: Scroll            |       |     9 |     2 ||    11
 Stab: Sleeping          |     2 |       |       ||     2
Armor: Robe              |    30 |    50 |    29 ||   109
Dodge: Dodged            |    26 |    47 |    66 ||   139
Block: Kite shield       |    26 |    55 |   184 ||   265
       Reflection        |       |       |     4 ||     4

Table legend: (Time is in decaauts)
 A = Elapsed time spent in this place.
 B = Non-inter-level travel time spent in this place.
 C = Inter-level travel time spent in this place.
 D = Time resting spent in this place.
 E = Time spent auto-exploring this place.
 F = Levels seen in this place.
 G = Mean time per level.
                   A        B        C        D        E       F      G
               +--------+--------+--------+--------+--------+-----+--------+
         Total |   5004 |   4826 |    178 |     14 |   3552 |   8 |  625.5 |
       Dungeon |   4953 |   4787 |    166 |     14 |   3521 |   7 |  707.6 |
        Temple |     50 |     38 |     12 |      0 |     31 |   1 |   50.0 |
               +--------+--------+--------+--------+--------+-----+--------+

Top non-repeatable levels by time:
     D:4: 882 daAuts
     D:2: 874 daAuts
     D:1: 804 daAuts
     D:5: 802 daAuts
     D:6: 689 daAuts
     D:3: 571 daAuts
     D:7: 328 daAuts
  Temple: 50 daAuts
